AoeStats
← Tavik

Arabia

504541621Analyzed
1v1 RM · 26d ago on Sep 5, 2026· 34m 20s· 2 players
Game mode
Random Map
Map size
Tiny (2 player)
Population
200
Speed
Normal
Resources
Standard
Victory
Conquest
Starting age
Dark Age
Ending age
Imperial Age
RankedLock teamsTeams togetherTeam positionsShared explorationLock speedFull tech treeHidden civsTurbo modeCheats
Victory
Defeat
🇨🇿 Khitans · Czechia
1386
+16
🇦🇷 Burgundians · Argentina
1380
-16
tengo_hambre_3000
7:19 Loom
9:21 Feudal Age
10:06 Double-Bit Axe
10:09 Horse Collar
11:58 Bow Saw
20:39 Wheelbarrow
23:39 Castle Age
22:22 Fletching
23:30 Padded Archer Armor
24:20 Gold Mining
24:32 Heavy Plow
24:21 Town Watch
24:27 Crossbowman
25:14 Bodkin Arrow
27:52 Padded Archer Armor
Tavik
6:52 Loom
9:08 Feudal Age
9:12 Man-at-Arms
10:19 Domestication
16:13 Double-Bit Axe
19:20 Forging
24:12 Castle Age
23:37 Scale Barding Armor
24:39 Wheelbarrow
24:14 Light Cavalry
24:54 Husbandry
28:15 Iron Casting
28:01 Chain Barding Armor
28:21 Town Watch
36:58 Imperial Age
Connection lost

Rejoining the realm…

Still unreachable

The connection could not be restored.

Session expired

The server has moved on; the page needs a fresh start.